 Dungeon Crawl Stone Soup version 0.26-a0-672-g1df16c3386 (webtiles) character file.

Game seed: 15974267430332317847

410 somkeydreadnuts the Stinger (level 6, -3/32 HPs)
             Began as a Deep Elf Venom Mage on Oct 20, 2020.
             Was a Follower of Vehumet.
             Killed from afar by an orc wizard (8 damage)
             ... with a magic dart
             ... on level 3 of the Dungeon.
             The game lasted 00:21:02 (3640 turns).

somkeydreadnuts the Stinger (Deep Elf Venom Mage)   Turns: 3640, Time: 00:21:02

Health: -3/32      AC:  7    Str:  5    XL:     6   Next: 58%
Magic:  11/15      EV: 17    Int: 22    God:    Vehumet [*.....]
Gold:   110        SH:  0    Dex: 15    Spells: 10/15 levels left

rFire    . . .     SeeInvis .   l - +1 dagger (drain)
rCold    . . .     Faith    .   (no shield)
rNeg     . . .     Spirit   .   a - +0 robe
rPois    .         Reflect  .   (no helmet)
rElec    .         Harm     .   v - +0 cloak
rCorr    .         Rampage  .   (no gloves)
MR       .....                  (no boots)
Stlth    ++........             (no amulet)
HPRegen  0.10/turn              d - +4 ring of protection
MPRegen  0.14/turn              u - +4 ring of evasion

@: no status effects
A: no striking features
a: Renounce Religion


You were on level 3 of the Dungeon.
You worshipped Vehumet.
Vehumet was aware of your devotion.
You visited 1 branch of the dungeon, and saw 3 of its levels.

You collected 110 gold pieces.

Inventory:

Hand Weapons
 g - a +0 short sword
 l - a +1 dagger of draining (weapon)
Missiles
 c - 149 stones (quivered)
Armour
 a - a +0 robe (worn)
 v - a +0 cloak (worn)
Jewellery
 d - a +4 ring of protection (left hand)
 u - a +4 ring of evasion (right hand)
Scrolls
 b - a scroll of blinking {unknown}
 e - a scroll of magic mapping {unknown}
 f - a scroll of immolation {unknown}
 h - 2 scrolls of identify {unknown}
 j - 3 scrolls of remove curse {unknown}
 q - a scroll of noise {unknown}
 s - a scroll of enchant weapon {unknown}
 w - a scroll of fear {unknown}
Potions
 i - a potion of ambrosia
 k - 3 potions of might {unknown}
 m - a potion of brilliance {unknown}
 n - a potion of mutation {unknown}
 o - 2 potions of stabbing {unknown}
 p - a potion of heal wounds {unknown}
 r - a potion of curing
 t - a potion of flight {unknown}


   Skills:
 - Level 2.4 Dodging
 - Level 2.4 Stealth
 - Level 0.1 Unarmed Combat
 - Level 5.0 Spellcasting
 - Level 4.4 Transmutations
 * Level 1.1 Fire Magic
 * Level 1.9 Ice Magic
 - Level 5.2 Poison Magic


You had 10 spell levels left.
You knew the following spells:

 Your Spells              Type           Power        Failure   Level
a - Sting                 Tmut/Pois      ####         1%          1
b - Freeze                Ice            ##..         4%          1
c - Ignite Poison         Fire/Tmut/Pois ###.....     7%          3

Your spell library contained the following spells:

 Spells                   Type           Power        Failure   Level
 Poisonous Vapours        Pois/Air       ###...       5%          2
 Olgreb's Toxic Radiance  Pois           ####....     12%         4
 Mephitic Cloud           Conj/Pois/Air  ##......     14%         3


Dungeon Overview and Level Annotations

Branches:
Dungeon (3/15)

Altars:
Ru
Trog
Vehumet


Message History

Confirm with . or Enter, or press ? or * to list all spells.
Aiming: Sting (safe; 1% risk of failure)
Press: ? - help, Shift-Dir - straight line, f/p - orc wizard
Aim: an orc wizard, wielding a +0 dagger and wearing a +0 robe (lightly wounded, fast, very poisoned)
The sting hits the orc wizard but does no damage.
The orc wizard looks even sicker.
The orc wizard is lightly wounded.
The orc wizard points at you and mumbles some strange words.
The magic dart hits you!
* * * LOW HITPOINT WARNING * * *
Casting: Sting (safe; 1% risk of failure)
Confirm with . or Enter, or press ? or * to list all spells.
Aiming: Freeze (safe; 4% risk of failure)
Press: ? - help, Shift-Dir - straight line, f/p - orc wizard
Aim: an orc wizard, wielding a +0 dagger and wearing a +0 robe (lightly wounded, fast, very poisoned)
You freeze the orc wizard.
The orc wizard is heavily wounded.
The orc wizard casts a spell at you. The magic dart hits you!
You die...

.....#########....##
.......o....#...[..#
.....oo.(.(()..))..+
..........((#)...).#
.....#########(...## ..... #....#
.... #..((#
##################''#############
≈≈≈≈≈≈≈≈≈≈≈≈≈≈≈≈@o(..≈≈≈≈≈≈≈≈≈≈≈≈
≈≈≈≈≈≈≈≈≈≈≈≈≈≈≈≈......≈≈≈≈≈≈≈≈≈≈≈
≈≈≈≈≈≈≈≈≈≈≈≈≈≈≈≈≈.....≈≈≈≈≈≈≈≈≈≈≈
..≈≈≈≈≈≈.≈≈≈.≈.≈≈....≈≈≈.≈≈≈≈≈≈.≈
.................................
..............................)..
..#.#.#####.###....##.#####......
#.....### #.# #...........#.#####
........###.####............####÷


You could see an orc wizard (fast, very poisoned).

Vanquished Creatures
  Grinder (D:3)
  A howler monkey (D:2)
  An orc priest (D:3)
  4 adders
  4 gnolls (D:3)
  An ooze (D:1)
  2 worms
  2 dart slugs (D:1)
  An orc (D:3)
  7 bats
  4 giant cockroaches
  11 hobgoblins
  7 jackals
  2 quokkas
  2 frilled lizards (D:2)
  11 goblins
  17 kobolds
78 creatures vanquished.

Vanquished Creatures (others)
  7 plants (D:1)
7 creatures vanquished.

Grand Total: 85 creatures vanquished

Notes
Turn   | Place    | Note
-------+----------+-------------------------------------------
     0 | D:1      | somkeydreadnuts the Deep Elf Venom Mage began the quest for
                  | the Orb.
     0 | D:1      | Reached XP level 1. HP: 10/10 MP: 6/6
   592 | D:1      | Reached XP level 2. HP: 15/15 MP: 6/9
  1336 | D:1      | Reached XP level 3. HP: 15/19 MP: 3/11
  1468 | D:1      | Reached skill level 5 in Spellcasting
  1671 | D:2      | Found a bloodstained altar of Trog.
  1679 | D:2      | Found a sacrificial altar of Ru.
  1686 | D:2      | Found a radiant altar of Vehumet.
  1810 | D:2      | Became a worshipper of Vehumet
  1845 | D:2      | Reached XP level 4. HP: 23/24 MP: 9/13
  2134 | D:2      | Found a faded altar of an unknown god.
  2207 | D:2      | Reached skill level 5 in Poison Magic
  2639 | D:3      | Reached XP level 5. HP: 28/28 MP: 11/14
  2696 | D:3      | Noticed Grinder
  2703 | D:3      | Paralysed by Grinder for 6 turns
  2718 | D:3      | Killed Grinder
  2718 | D:3      | Reached XP level 6. HP: 10/32 MP: 6/15
  3074 | D:3      | Reached * piety under Vehumet
  3074 | D:3      | Offered knowledge of Freeze by Vehumet.
  3081 | D:3      | Learned a level 1 spell: Freeze
  3236 | D:3      | Reached skill level 1 in Ice Magic
  3244 | D:3      | Learned a level 3 spell: Ignite Poison
  3594 | D:3      | Reached skill level 1 in Fire Magic
  3640 | D:3      | Killed from afar by an orc wizard

Illustrated notes

Levels and vault maps discovered:
D:1:      minmay_arrival_shattered_statue, layout_loops_ring, serial_forest,
          infiniplex_forest_side_room, infiniplex_forest_corner_1,
          infiniplex_forest_clump_tiny, infiniplex_forest_straight_1,
          infiniplex_forest_clump_cross, infiniplex_forest_diagonal,
          infiniplex_forest_clump_small, infiniplex_forest_lined_corner,
          infiniplex_forest_straight_4, infiniplex_forest_clump_medium
D:2:      layout_rooms, minmay_overflow_temple_star_quad,
          chequers_ecumenical_altar_simple_redux
D:3:      minmay_goblin_kobold_castle, layout_loops_ring, uniq_grinder

Skill      XL: |  1  2  3  4  5  6 |
---------------+-------------------+-----
Spellcasting   | 4 5 |  5.0
Poison Magic   | 4 5 |  5.2
Transmutations | 4 |  4.4
Ice Magic      | 1 |  1.9
Fire Magic     | 1 |  1.1
Dodging        | |  2.4
Stealth        | |  2.4
Unarmed Combat | |  0.1

Action                   |  1- 3 |  4- 6 || total
-------------------------+-------+-------++-------
Melee: Short sword       |    33 |       ||    33
       Unarmed           |     1 |       ||     1
       Dagger            |    19 |     2 ||    21
 Cast: Sting             |    65 |    95 ||   160
       Freeze            |       |     3 ||     3
  Use: Potion            |     4 |     1 ||     5
Armor: Robe              |    39 |     8 ||    47
Dodge: Dodged            |    75 |    39 ||   114

Table legend: (Time is in decaauts)
 A = Elapsed time spent in this place.
 B = Non-inter-level travel time spent in this place.
 C = Inter-level travel time spent in this place.
 D = Time resting spent in this place.
 E = Time spent auto-exploring this place.
 F = Levels seen in this place.
 G = Mean time per level.
                   A        B        C        D        E       F      G
               +--------+--------+--------+--------+--------+-----+--------+
         Total |   3643 |   3643 |      0 |      0 |   2379 |   3 | 1214.3 |
       Dungeon |   3643 |   3643 |      0 |      0 |   2379 |   3 | 1214.3 |
               +--------+--------+--------+--------+--------+-----+--------+

Top non-repeatable levels by time:
     D:1: 1573 daAuts
     D:3: 1084 daAuts
     D:2: 985 daAuts
